AoeStats
← AGS.ZefloneXx44

Arena

505291609Analyzed
4v4 RM · 24d ago on Sep 8, 2026· 62m 57s· 8 players
Game mode
Random Map
Map size
Large (8 player)
Population
200
Speed
Normal
Resources
Standard
Victory
Conquest
Starting age
Dark Age
Ending age
Imperial Age
RankedLock teamsTeams togetherTeam positionsShared explorationLock speedFull tech treeHidden civsTurbo modeCheats
Victory
Defeat
🇫🇷 Mapuche · France
1414
+8
🇫🇷 Mongols · France
1251
+15
🇫🇷 Poles · France
1249
+15
🇫🇷 Burgundians · France
1109
+21
🇬🇧 Dravidians · United Kingdom
1227
-15
🇩🇪 Ethiopians · Germany
1227
-15
🇫🇮 Franks · Finland
1223
-15
🇫🇮 Vikings · Finland
1201
-14
docsparkles
11:26 Feudal Age
12:08 Double-Bit Axe
12:27 Horse Collar
14:58 Castle Age
15:55 Bow Saw
17:21 Loom
25:27 Wheelbarrow
25:28 Heavy Plow
25:34 Town Watch
30:54 Imperial Age
29:10 Fletching
29:21 Padded Archer Armor
29:34 Forging
30:24 Bodkin Arrow
30:07 Pikeman
31:18 Halberdier
32:33 Conscription
34:03 Scale Mail Armor
34:04 Bracer
34:39 Iron Casting
34:20 Leather Archer Armor
36:05 Hand Cart
35:51 Town Patrol
36:25 Chain Mail Armor
37:15 Two-Man Saw
36:22 Squires
37:22 Wootz Steel
38:50 Hoardings
39:46 Plate Mail Armor
39:16 Gold Mining
39:17 Stone Mining
41:15 Blast Furnace
41:08 Ballistics
40:59 Masonry
40:45 Murder Holes
43:13 Arson
44:48 Ring Archer Armor
44:37 Medical Corps
45:20 Siege Elephant
48:43 Elite Skirmisher
57:22 Elite Urumi Swordsman
61:46 Heavy Scorpion
62:12 Light Cavalry
62:52 Husbandry
Mursustaja
10:29 Feudal Age
10:06 Loom
14:23 Castle Age
13:45 Double-Bit Axe
15:24 Bow Saw
20:43 Wheelbarrow
24:10 Hand Cart
24:05 Town Watch
30:06 Imperial Age
27:44 Scale Barding Armor
27:47 Husbandry
28:09 Fortified Wall
28:31 Forging
28:35 Masonry
28:47 Ballistics
28:29 Gold Mining
28:33 Stone Mining
29:11 Chain Barding Armor
30:34 Cavalier
32:00 Chivalry
32:43 Architecture
33:36 Gold Shaft Mining
32:53 Paladin
35:11 Plate Barding Armor
38:12 Iron Casting
39:39 Conscription
39:01 Light Cavalry
40:14 Caravan
43:04 Blast Furnace
45:04 Fletching
51:38 Hoardings
52:25 Bodkin Arrow
53:23 Murder Holes
54:30 Chemistry
56:48 Padded Archer Armor
Finarfin
9:21 Feudal Age
9:45 Horse Collar
9:51 Double-Bit Axe
16:25 Castle Age
17:06 Heavy Plow
17:16 Bow Saw
17:06 Town Watch
17:18 Loom
18:29 Stone Mining
18:30 Gold Mining
20:23 Gold Shaft Mining
25:27 Fletching
25:37 Padded Archer Armor
28:47 Imperial Age
26:56 Bodkin Arrow
27:41 Leather Archer Armor
27:22 Crossbowman
28:15 Town Patrol
29:02 Ballistics
29:38 Fortified Wall
30:19 Crop Rotation
29:53 Bracer
30:24 Ring Archer Armor
31:16 Two-Man Saw
29:54 Arbalester
31:21 Masonry
32:17 Chemistry
32:16 Bogsveigar
32:37 Conscription
32:50 Masonry
36:06 Architecture
35:16 Treadmill Crane
35:32 Murder Holes
35:43 Siege Engineers
36:16 Hoardings
35:12 Sappers
37:09 Elite Skirmisher
38:32 Elite Berserk
45:06 Caravan
59:08 Coinage
58:25 Capped Ram
61:51 Banking
61:37 Siege Ram
$hrimpmaster
9:45 Loom
11:31 Feudal Age
12:41 Double-Bit Axe
16:34 Castle Age
16:33 Horse Collar
18:12 Double-Bit Axe
18:32 Heavy Plow
25:52 Wheelbarrow
25:34 Gold Mining
28:33 Bow Saw
31:13 Imperial Age
29:21 Fletching
29:58 Stone Mining
30:59 Hand Cart
31:01 Masonry
31:17 Bodkin Arrow
33:00 Architecture
36:15 Bracer
36:15 Padded Archer Armor
37:18 Chemistry
36:45 Ballistics
36:14 Crossbowman
37:31 Thumb Ring
37:27 Arbalester
39:05 Gold Shaft Mining
38:41 Caravan
39:48 Leather Archer Armor
42:06 Forging
41:57 Scale Mail Armor
45:00 Siege Engineers
44:47 Halberdier
45:28 Squires
45:13 Arson
46:03 Ring Archer Armor
45:48 Chain Mail Armor
46:09 Iron Casting
46:50 Two-Man Saw
49:56 Blast Furnace
49:26 Plate Mail Armor
51:44 Elite Skirmisher
63:06 Coinage
AGS.ZefloneXx44
3:52 Double-Bit Axe
10:40 Feudal Age
9:05 Horse Collar
14:54 Castle Age
13:18 Bow Saw
17:56 Wheelbarrow
17:43 Heavy Plow
20:32 Gold Mining
25:32 Stone Mining
27:17 Forging
27:13 Scale Barding Armor
30:05 Imperial Age
27:21 Loom
27:44 Husbandry
27:04 Cavalier
28:47 Iron Casting
29:01 Hand Cart
28:34 Town Watch
30:34 Chain Barding Armor
30:32 Paladin
32:24 Plate Barding Armor
37:29 Chemistry
37:36 Blast Furnace
36:36 Fletching
38:25 Conscription
39:18 Ballistics
39:01 Padded Archer Armor
38:58 Bodkin Arrow
43:12 Bracer
43:28 Leather Archer Armor
43:27 Burgundian Vineyards
45:14 Gold Shaft Mining
45:14 Stone Shaft Mining
48:58 Elite Skirmisher
51:38 Light Cavalry
54:42 Coinage
54:12 Caravan
54:23 Guilds
54:07 Hussar
58:15 Banking
62:18 Two-Man Saw
AGS.Shirar
2:41 Loom
5:53 Loom
8:18 Feudal Age
9:57 Fletching
10:15 Double-Bit Axe
20:46 Castle Age
20:43 Horse Collar
26:01 Bow Saw
26:52 Heavy Plow
31:05 Imperial Age
30:29 Bodkin Arrow
31:28 Scale Mail Armor
31:39 Forging
33:10 Chemistry
35:53 Bracer
35:54 Padded Archer Armor
36:35 Ballistics
36:47 Crossbowman
38:07 Siege Engineers
38:27 Leather Archer Armor
39:52 Arbalester
40:38 Thumb Ring
46:52 Wheelbarrow
46:03 Town Watch
48:34 Caravan
51:08 Crop Rotation
57:13 Chain Mail Armor
56:57 Elite Skirmisher
62:37 Scale Barding Armor
63:07 Iron Casting
AGS.Pymp K-T
10:37 Feudal Age
14:36 Castle Age
13:07 Double-Bit Axe
13:03 Horse Collar
16:11 Bow Saw
17:13 Bow Saw
21:15 Heavy Plow
23:41 Wheelbarrow
24:01 Gold Mining
26:34 Hand Cart
29:06 Imperial Age
27:22 Gold Shaft Mining
27:11 Stone Mining
27:22 Stone Mining
27:48 Fletching
28:24 Loom
28:24 Town Watch
29:30 Stone Shaft Mining
29:48 Town Patrol
29:36 Onager
30:25 Bodkin Arrow
31:34 Chemistry
30:30 Capped Ram
31:32 Bracer
31:51 Siege Ram
33:53 Conscription
34:23 Drill
36:39 Padded Archer Armor
36:47 Elite Skirmisher
37:33 Thumb Ring
37:46 Leather Archer Armor
40:18 Ballistics
39:49 Siege Onager
41:15 Siege Engineers
46:24 Bloodlines
46:14 Husbandry
45:36 Heavy Camel Rider
47:09 Scale Barding Armor
47:14 Forging
48:40 Chain Barding Armor
51:10 Iron Casting
53:40 Light Cavalry
56:10 Blast Furnace
56:19 Hussar
60:27 Caravan
Eras Mousse
10:18 Feudal Age
11:40 Horse Collar
14:00 Castle Age
12:12 Double-Bit Axe
18:43 Wheelbarrow
21:20 Bow Saw
24:18 Hand Cart
24:06 Heavy Plow
24:00 Gold Mining
24:30 Loom
24:31 Town Watch
28:19 Imperial Age
26:22 Stone Mining
26:38 Fletching
27:28 Ballistics
27:55 Malon
28:16 Bodkin Arrow
28:21 Padded Archer Armor
30:03 Chemistry
29:21 Butalmapu
29:02 Elite Bolas Rider
30:19 Conscription
30:47 Leather Archer Armor
31:12 Capped Ram
32:29 Masonry
34:33 Ring Archer Armor
44:50 Architecture
44:25 Siege Engineers
50:23 Caravan
52:31 Hoardings
57:05 Gold Shaft Mining
57:05 Stone Shaft Mining
57:01 Crop Rotation
Connection lost

Rejoining the realm…

Still unreachable

The connection could not be restored.

Session expired

The server has moved on; the page needs a fresh start.